 Dungeon Crawl Stone Soup version 0.29.1-14-g9c671dbff4 (webtiles) character file.

Game seed: 254255482299468970

29 Mickster the Shield-Bearer (level 2, 0/36 HPs)
             Began as a Demigod Wanderer on Feb 13, 2023.
             Slain by a ball python (1 damage)
             ... on level 4 of the Dungeon on Feb 14, 2023.
             The game lasted 00:26:17 (2374 turns).

Mickster the Shield-Bearer (Demigod Wanderer)       Turns: 2374, Time: 00:26:18

Health: 0/36       AC:  7    Str:  9 (12) XL:     2   Next: 81%
Magic:  6/6        EV:  4    Int: 13 (15) God:
Gold:   74         SH:  7    Dex: 12 (13) Spells: 2/3 levels left

rFire   . . .      SeeInvis .   d - +0 rapier
rCold   . . .      Faith    .   e - +3 buckler
rNeg    . . .      Spirit   .   p - +0 scale mail
rPois   .          Reflect  .   (no helmet)
rElec   .          Harm     .   q - +0 cloak
rCorr   .          Rampage  .   (no gloves)
Will    .....                   (no boots)
Stlth   ..........              (no amulet)
HPRegen 0.12/turn               (no ring)
MPRegen 0.10/turn               (no ring)

@: berserking, constricted, very quick
A: high MP 1, forlorn, divine attributes
a: no special abilities


You were on level 4 of the Dungeon.
You visited 1 branch of the dungeon, and saw 4 of its levels.

You collected 74 gold pieces.

Inventory:

Hand Weapons
 a - a +0 dagger
 d - a +0 rapier (weapon)
 g - a +0 whip
 i - a +0 short sword
Missiles
 j - 5 stones
 o - 3 boomerangs (quivered)
Armour
 e - a +3 buckler (worn)
 f - a +0 ring mail
 m - the +1 robe of Otytt {rElec rC+ rN+}
   (You found it on level 3 of the Dungeon)

   rC:        It protects you from cold.
   rElec:     It insulates you from electricity.
   rN:        It protects you from negative energy.
 p - a +0 scale mail (worn)
 q - a +0 cloak (worn)
Magical Staves
 l - a staff of poison
Scrolls
 b - a scroll of vulnerability
 c - a scroll of summoning
 h - 4 scrolls of identify
 k - a scroll of enchant armour


   Skills:
 + Level 2.0 Fighting
 + Level 0.2 Short Blades
 + Level 0.4 Maces & Flails
 + Level 1.3 Dodging
 + Level 0.1 Stealth
 + Level 3.0 Shields
 + Level 1.1 Spellcasting
 + Level 2.9 Ice Magic


You had 2 spell levels left.
You knew the following spells:

 Your Spells              Type           Power      Damage    Failure   Level
a - Freeze                Ice            32%        1d5       67%         1

Your spell library contained the following spells:

 Spells                   Type           Power      Damage    Failure   Level
 Frozen Ramparts          Ice            16%        1d3       95%         3
 Corpse Rot               Necr/Pois/Air  0%         N/A       100%        4
 Dispel Undead            Necr           0%         3d6       100%        4
 Death Channel            Necr           0%         N/A       100%        6


Dungeon Overview and Level Annotations

Branches:
Dungeon (4/15)
 Temple: D:4-7

Shops:
D:1 :


Innate Abilities, Weirdness & Mutations

You have an increased reservoir of magic. (+10% MP)
You shall have no god before yourself.
Your divine heritage dramatically boosts your attributes as you level up.


Message History

You see here a +0 cloak.
q - a +0 cloak You start putting on your armour.
You continue putting on your +0 cloak. x4
You finish putting on your +0 cloak.
Found a chain mail.
A ball python comes into view.
The ball python hisses angrily.
A gnoll comes into view.
It is wielding a +0 whip. 2 gnolls come into view.
The gnoll shouts! x2
A gnoll comes into view. It is wielding a +0 whip.
The gnoll throws a throwing net.
The throwing net hits you.
You become entangled in the net!
You see here a throwing net.
You struggle against the net.
The gnoll shouts!
A ball python comes into view.
You tear a large gash into the net.
The ball python hisses angrily.
The gnoll hits you from afar with a +0 halberd.
You struggle against the net.
The ball python bites you but does no damage.
The ball python grabs you. The ball python constricts you.
The gnoll hits you but does no damage. x2
You rip the net and break free!
The ball python bites you but does no damage.
The ball python constricts you.
The gnoll hits you from afar with a +0 halberd!
* * * LOW HITPOINT WARNING * * *
You block the gnoll's attack.
You hit the ball python.
The ball python is severely wounded.
The ball python bites you but does no damage.
The ball python constricts you.
The gnoll hits you from afar with a +0 halberd.
* * * LOW HITPOINT WARNING * * *
The gnoll hits you but does no damage.
A red film seems to cover your vision as you go berserk!
You feel yourself moving faster!
You feel mighty! The ball python bites you.
You die...

### .... ....###
....... #####
....... #...
.......##.#
.....SS@..#
.....gg##.###
......g #...#
.....g. #.#.#
....... #.#.#
....... #.# .
....... #.# ##
.......##.######
#.......#


You could see 4 gnolls and 2 ball pythons.

Vanquished Creatures
  A dart slug (D:1)
  An orc (D:3)
  2 ball pythons (D:2)
  3 endoplasms
  2 goblins (D:2)
  4 hobgoblins
  2 quokkas
  4 bats
  A frilled lizard (D:2)
  2 kobolds
  2 rats
24 creatures vanquished.

Notes
Turn   | Place    | Note
-------+----------+-------------------------------------------
     0 | D:1      | Mickster the Demigod Wanderer began the quest for the Orb.
     0 | D:1      | Mickster set off with the following items: a +0 dagger, a
                  | scroll of vulnerability, a scroll of summoning, a +0 robe,
                  | a +2 buckler; and the following spell memorised: Freeze;
                  | and the following spells available to memorise: Frozen
                  | Ramparts.
     0 | D:1      | Reached XP level 1. HP: 17/17 MP: 4/4
   425 | D:1      | Found Plog's Book Shoppe.
  1013 | D:2      | Reached XP level 2. HP: 19/24 MP: 6/6
  1588 | D:3      | Reached skill level 3 in Shields
  1595 | D:3      | Identified the +1 robe of Otytt {rElec rC+ rN+}
  2373 | D:4      | HP: 1/24 [gnoll/+0 halberd (4)]
  2374 | D:4      | Slain by a ball python

Illustrated notes

Levels and vault maps discovered:
D:1:      dpeg_arrival_tiny_k, layout_rooms, serial_shops, shop_fountains,
          hellmonk_ecumenical_altar_run_dry
D:2:      layout_loops_corners, basic_altar
D:3:      layout_basic, kennysheep_ying_yang, mainiacjoe_overflow_tiny_flanked,
          kennysheep_generic_room_10, uniq_natasha
D:4:      layout_basic, nicolae_ossuary_entry_plus, minmay_misc_feat_doors,
          uniq_pargi

Skill      XL: |  1  2 |
---------------+-------+-----
Fighting       | 2 |  2.0
Shields        | 3 |  3.0
Short Blades   | |  0.2
Maces & Flails | |  0.4
Dodging        | |  1.3
Stealth        | |  0.1
Spellcasting   | |  1.1
Ice Magic      | |  2.9

Action                   || total
-------------------------++-------
Melee: Dagger            ||    18
       Whip              ||    29
       Rapier            ||    59
  Use: Scroll            ||     7
       Potion            ||     7
Armor: Robe              ||    12
       Scale mail        ||    13
       Ring mail         ||    11
Dodge: Dodged            ||    55
Block: Buckler           ||    58
